Map: Catalyst LE

Players

Cellsidus

  • Race: Zerg Zerg
  • League: Master
  • Spawn Location: 11:00

SayL - Winner!

  • Race: Terran Terran
  • League: Diamond
  • Spawn Location: 5:00

VOD

Have the link to the VOD?

Description

Time

  • Played on: May 12, 2018, 10:45 a.m.
  • Length: 16:04
Show
View Real Time Build Order
Export as new Build Order

Cellsidus Zerg 

Build Orders: Hatch First 

Get SALT Encoding   

  12  0:01  Drone  
  13  0:13  Overlord  
  13  0:17  Drone  
  14  0:31  Drone x2  
  17  0:35  Drone  
  17  0:54  Hatchery  
  16  0:58  Drone  
  16  1:00  Drone  
  18  1:12  Extractor  
  18  1:16  Spawning Pool  
  16  1:20  Drone  
  16  1:24  Drone  
  18  1:29  Drone  
  19  1:43  Overlord  
  19  1:51  Drone  
  20  2:03  Zergling x2  
  20  2:06  Queen x2  
  20  2:07  Zergling x2  
  26  2:12  Drone  
  27  2:15  Metabolic Boost  
  27  2:20  Drone  
  28  2:26  Drone  
  29  2:30  Drone  
  29  2:33  Drone  
  31  2:46  Queen x2  
  31  2:49  Drone  
  36  2:54  Overlord  
  36  2:56  Overlord  
  36  3:13  Drone  
  36  3:14  Drone  
  37  3:22  Drone  
  37  3:23  Drone x6  
  37  3:25  Queen  
  46  3:37  Hatchery  
  45  3:41  Overlord  
  45  3:48  Drone x4  
  48  3:51  Drone  
  50  3:58  Drone x2  
  52  4:09  Zergling x8  
  56  4:10  Zergling x2  
  57  4:17  Overlord x2  
  57  4:23  Extractor  
  56  4:24  Extractor  
  56  4:26  Spore Crawler  
  56  4:28  Spore Crawler  
  53  4:36  Drone  
  54  4:40  Drone  
  54  4:41  Drone  
  54  4:42  Drone  
  54  4:43  Evolution Chamber x2  
  54  4:44  Baneling Nest, Drone  
  54  4:45  Drone, Extractor  
  54  4:46  Drone x2  
  54  4:49  Queen  
  59  4:57  Drone x3  
  62  5:01  Drone  
  62  5:02  Drone x2  
  62  5:05  Drone  
  62  5:06  Drone x5  
  71  5:11  Spore Crawler, Drone  
  60  5:30  Zergling x10  
  61  5:47  Zergling x10  
  61  5:48  Zergling x6  
  60  5:56  Zergling x4  
  59  5:59  Zerg Melee Weapons Level 1, Zerg Ground Armor Level 1  
  57  6:12  Drone  
  57  6:13  Drone x7  
  61  6:22  Drone x2  
  61  6:24  Queen  
  65  6:37  Drone  
  65  6:38  Drone x3  
  65  6:39  Drone x2  
  72  6:40  Drone x3  
  74  6:53  Overlord  
  74  6:54  Overlord x2  
  74  6:55  Overlord  
  74  7:11  Queen  
  76  7:17  Drone x5  
  76  7:18  Drone x5  
  76  7:22  Lair  
  78  7:57  Zergling x10  
  78  7:58  Zergling x16  
  83  8:02  Queen  
  85  8:09  Hatchery  
  81  8:27  Zergling x2  
  81  8:29  Zerg Ground Armor Level 2  
  81  8:31  Zerg Melee Weapons Level 2  
  81  8:34  Hydralisk Den  
  80  8:35  Drone  
  80  8:36  Drone  
  80  8:37  Drone, Extractor  
  80  8:40  Drone x3  
  85  8:43  Queen  
  87  8:52  Hatchery  
  86  9:03  Centrifical Hooks  
  86  9:05  Zergling x2, Hydralisk x2  
  86  9:06  Hydralisk x7  
  103  9:10  Overlord x4  
  102  9:18  Hydralisk Den  
  102  9:21  Queen  
  98  9:42  Zergling x2  
  98  9:43  Zergling x32  
  115  10:04  Grooved Spines  
  115  10:05  Hydralisk x2  
  115  10:06  Hydralisk x12  
  143  10:08  Baneling  
  143  10:09  Baneling x20  
  143  10:12  Hydralisk  
  145  10:17  Infestation Pit, Drone x2  
  146  10:23  Drone x3  
  149  10:30  Overlord x2  
  149  10:42  Queen  
  122  10:53  Hydralisk x2  
  122  10:54  Zergling x4, Hydralisk x6  
  122  10:55  Zergling x2  
  122  11:12  Zergling x8, Hydralisk x2  
  130  11:19  Muscular Augments  
  130  11:23  Hatchery  
  129  11:26  Drone  
  129  11:27  Drone x9  
  139  11:37  Hydralisk x2  
  139  11:38  Zergling x6, Hydralisk  
  148  11:47  Zergling x6, Hydralisk x2  
  145  11:48  Zergling x2  
  151  11:57  Hive  
  151  12:02  Extractor  
  151  12:03  Overlord, Drone x3  
  151  12:04  Overlord  
  151  12:12  Baneling  
  151  12:13  Baneling x9  
  151  12:14  Zergling x6, Baneling x2  
  151  12:15  Zergling x8  
  158  12:16  Zergling x2  
  159  12:33  Drone  
  159  12:35  Drone x7  
  159  12:36  Drone x6  
  173  12:37  Drone x2  
  173  12:43  Hydralisk x2  
  173  12:44  Zergling x6  
  182  13:09  Extractor  
  178  13:14  Overlord x3  
  178  13:18  Drone  
  179  13:20  Extractor  
  179  13:21  Zerg Ground Armor Level 3, Ultralisk Cavern  
  179  13:23  Zerg Melee Weapons Level 3  
  168  13:27  Zergling x6  
  168  13:28  Zergling x10  
  168  13:30  Viper x2  
  176  13:39  Zergling x6, Hydralisk x4  
  176  13:40  Zergling x14, Hydralisk  
  176  13:41  Zergling x8  
  194  13:42  Zergling x4  
  198  13:50  Queen  
  200  14:05  Baneling  
  200  14:06  Baneling x14  
  191  14:31  Zergling x6  
  191  14:32  Zergling x8  
  191  14:33  Zergling x4  
  191  14:35  Chitinous Plating  
  197  14:46  Zergling x4  
  193  14:57  Zergling x4, Hydralisk x4  
  193  14:58  Zergling x6, Ultralisk  
  193  14:59  Zergling x8  
  180  15:00  Zergling x14  
  180  15:01  Zergling x10  
  144  15:11  Zergling x6  
  144  15:12  Ultralisk  
  153  15:19  Hatchery  
  123  15:38  Zergling x6  
  123  15:39  Zergling x12  
  123  15:40  Zergling x10  
Show
View Real Time Build Order
Export as new Build Order

SayL Terran - Winner!

Build Orders: Liberator Opening, Mech 

Get SALT Encoding   

  12  0:01  SCV  
  13  0:13  SCV  
  14  0:17  Supply Depot  
  14  0:25  SCV  
  15  0:39  SCV  
  15  0:42  Refinery  
  16  0:46  Barracks  
  16  0:51  SCV  
  17  1:03  SCV  
  18  1:15  SCV  
  19  1:27  SCV  
  20  1:35  Reaper  
  22  1:40  Orbital Command  
  21  1:49  Command Center  
  21  2:06  SCV  
  22  2:09  Barracks Reactor  
  22  2:15  Refinery  
  22  2:16  Supply Depot  
  22  2:18  SCV  
  23  2:25  Factory  
  23  2:38  SCV  
  24  2:46  Marine x2  
  24  2:50  SCV  
  27  3:00  Orbital Command  
  27  3:02  SCV  
  28  3:12  Starport  
  28  3:14  SCV  
  28  3:16  Hellion x2  
  33  3:24  Supply Depot  
  33  3:26  SCV  
  33  3:35  SCV  
  33  3:38  Hellion x2, SCV  
  39  3:44  Armory  
  39  3:47  SCV  
  40  3:51  Supply Depot  
  40  3:54  Liberator, SCV  
  41  3:59  SCV  
  42  4:05  Hellion  
  42  4:06  Hellion  
  49  4:19  SCV x2  
  51  4:24  Supply Depot  
  51  4:27  Hellion x2  
  55  4:31  SCV  
  55  4:32  SCV  
  57  4:43  SCV  
  57  4:44  SCV  
  59  4:48  Hellion x2  
  59  4:49  Refinery  
  63  4:54  Supply Depot  
  63  4:56  SCV x2  
  65  5:08  SCV x2  
  65  5:10  Hellion  
  69  5:15  Hellion  
  61  5:31  Hellion  
  61  5:37  Hellion  
  61  5:38  SCV x2  
  63  5:44  Engineering Bay  
  63  5:46  Factory  
  63  5:47  Factory  
  55  6:00  Hellion x2  
  55  6:02  Supply Depot  
  59  6:04  Starport Reactor  
  59  6:09  SCV  
  59  6:10  Factory, Command Center  
  59  6:11  Terran Vehicle Weapons Level 1, SCV  
  58  6:21  SCV  
  58  6:22  Hellion  
  58  6:23  Hellion, SCV  
  58  6:24  Refinery  
  64  6:28  Factory  
  64  6:33  SCV  
  64  6:35  Factory Tech Lab x2  
  64  6:37  SCV  
  66  6:43  Hellion  
  66  6:44  Medivac x2  
  66  6:45  SCV  
  66  6:46  Missile Turret  
  73  6:48  Missile Turret  
  73  6:49  SCV  
  73  6:52  Hellion  
  76  6:57  SCV  
  76  6:59  Thor  
  83  7:08  Supply Depot  
  83  7:17  Hellion  
  83  7:20  Supply Depot  
  83  7:21  Thor  
  83  7:22  Hellion  
  93  7:24  Factory Tech Lab, Supply Depot  
  93  7:26  Factory Reactor, Orbital Command  
  93  7:29  SCV x2  
  95  7:38  Hellion  
  95  8:07  Infernal Pre-Igniter  
  95  8:09  Siege Tank x2  
  95  8:10  Hellbat x3  
  105  8:22  SCV x2  
  95  8:33  Hellion x2  
  95  8:34  Hellion x2  
  101  8:36  Hellion  
  101  8:38  Orbital Command  
  103  8:42  Hellion x2  
  107  8:48  Terran Vehicle Weapons Level 2  
  107  8:52  Armory  
  107  8:54  Hellbat x2  
  111  8:57  Siege Tank  
  114  9:03  Siege Tank  
  117  9:11  SCV x2  
  117  9:14  Bunker  
  117  9:15  Refinery  
  117  9:16  Siege Tank  
  117  9:17  Refinery, Hellbat  
  118  9:36  Siege Tank x2  
  118  9:37  Hellbat  
  126  9:40  Supply Depot x2  
  126  9:42  SCV x2  
  128  9:48  Siege Tank, SCV  
  132  9:54  SCV  
  133  10:01  Viking x2  
  133  10:02  Hellion x2  
  133  10:03  SCV x2  
  143  10:08  Siege Tank x2, Supply Depot  
  143  10:09  Supply Depot  
  149  10:16  Hellion x2  
  149  10:21  Hellion  
  155  10:30  Hellion, Hellbat, Supply Depot  
  159  10:40  Siege Tank  
  117  10:52  Siege Tank  
  117  10:53  Siege Tank, Hellion x3  
  116  10:58  Hellion  
  116  11:03  Viking x2  
  113  11:12  Siege Tank  
  113  11:16  Hellion  
  118  11:20  Sensor Tower  
  118  11:22  Hellion x3  
  118  11:24  Siege Tank  
  118  11:25  Siege Tank  
  130  11:34  Smart Servos  
  130  11:38  Hellion  
  129  11:44  Siege Tank  
  132  11:53  Hellion x2  
  136  11:56  Siege Tank  
  136  11:57  Siege Tank  
  136  12:00  Hellion  
  142  12:17  Siege Tank  
  142  12:18  Terran Vehicle Weapons Level 3  
  142  12:19  Terran Vehicle And Ship Armor Level 1  
  145  12:27  Hellion  
  145  12:28  Siege Tank  
  145  12:29  Siege Tank  
  153  12:39  Hellion x19  
  153  12:42  Command Center  
  153  12:48  Thor  
  159  13:00  Thor  
  159  13:01  Thor  
  159  13:02  Hellbat  
  159  13:03  Hellbat  
  175  13:16  Hellbat x2  
  179  13:24  Hellbat  
  173  13:31  Siege Tank  
  170  13:42  Hellbat x3  
  176  13:55  Hellbat x3  
  182  14:04  Siege Tank  
  185  14:16  Siege Tank  
  180  14:26  Planetary Fortress  
  180  14:30  Siege Tank  
  180  14:31  Hellbat x3  
  189  14:36  Siege Tank  
  189  14:37  Hellbat  
  194  14:48  Siege Tank, Refinery  
  194  14:50  Refinery  
  194  14:52  Hellbat x2  
  161  15:03  Siege Tank  
  161  15:05  Hellbat x2  
  146  15:08  Siege Tank  
  146  15:14  Hellbat x2  
  153  15:21  Siege Tank  
  156  15:26  Hellion  
  156  15:27  Hellion  
  154  15:39  Hellion x2  
  154  15:40  Hellion  
Tags
 
Add a new tag
Caveats
  • Supply blocks, unpowered buildings, or Contaminate may cause inaccurate times.
  • Supply counts are checked every 10 seconds.